AoeStats
← user89

Nomad

503376225Analyzed
2v2 RM · 1mo ago on Aug 31, 2026· 34m 22s· 4 players
Game mode
Random Map
Map size
176×176
Population
200
Speed
Normal
Resources
Standard
Victory
Conquest
Starting age
Dark Age
Ending age
Imperial Age
RankedLock teamsTeams togetherTeam positionsShared explorationLock speedFull tech treeHidden civsTurbo modeCheats
Victory
Defeat
🇹🇷 Magyars · Türkiye
928
+12
🇹🇷 Cumans · Türkiye
824
+17
🇷🇺 Franks · Russia
847
-15
🇷🇺 Byzantines · Russia
826
-14
Lione..
13:14 Feudal Age
17:46 Double-Bit Axe
24:01 Castle Age
25:20 Gold Mining
25:42 Bow Saw
SZY19999
4:13 Loom
20:46 Feudal Age
27:22 Castle Age
28:32 Wheelbarrow
28:42 Capped Ram
user89
3:31 Loom
18:41 Feudal Age
24:32 Wheelbarrow
28:13 Castle Age
27:38 Stone Mining
29:33 Fletching
29:57 Forging
SectoR
4:42 Loom
17:28 Feudal Age
21:35 Double-Bit Axe
23:38 Fletching
26:14 Stone Mining
28:50 Castle Age
27:32 Scale Mail Armor
Connection lost

Rejoining the realm…

Still unreachable

The connection could not be restored.

Session expired

The server has moved on; the page needs a fresh start.